 Dungeon Crawl Stone Soup version 0.31.0-11-ge490571c62 (webtiles) character file.

Game seed: 4762995675367244944

1901704 gosagan the Conqueror (level 25, 257/257 HPs)
             Began as a Minotaur Gladiator on Jan 29, 2024.
             Was a High Priest of Okawaru.
             Escaped with the Orb
             ... and 3 runes on Jan 30, 2024!
             The game lasted 03:39:53 (51552 turns).

gosagan the Conqueror (Minotaur Gladiator)         Turns: 51552, Time: 03:39:54

Health: 257/257    AC: 41    Str: 37    XL:     25   Next: 4%
Magic:  26/26      EV: 13    Int:  7    God:    Okawaru [*****.]
Gold:   2414       SH: 20    Dex: 11    Spells: 24/24 levels left

rFire   + + +        G - +7 sceptre of Torment {pain, torment}
rCold   + . .        k - +5 Storm Queen's Shield {shock, Fly rElec}
rNeg    . . .        b - +5 crystal plate armour "Quogemui" {-Cast Rampage Regen+ Int-4}
rPois   +            (helmet unavailable)
rElec   +            a - scarf {rC+ rF+}
rCorr   .            Q - +2 pair of gloves
SInv    .            Z - +2 pair of boots of Elyvilon's Pride {+Blink Int+5 Dex-2}
Will    +....        U - amulet of Amorality {Acrobat ^Drain rF++ Regen+} Stlth
                     N - ring of poison resistance
HPRegen 2.22/turn    g - ring "Xammuig" {*Corrode rElec rF+ Str+6}
MPRegen 0.20/turn

%: no spellcasting, corrode self (3%), acrobat, rampage
@: flying, studying Long Blades
A: horns 3, retaliatory headbutt, low MP 1, strong 1, inability to read after
injury 1
0: Orb of Zot
}: 3/15 runes: decaying, slimy, gossamer
a: Renounce Religion, Evoke Blink, Heroism, Finesse, Duel


You escaped.
You worshipped Okawaru.
Okawaru was extremely pleased with you.
You visited 11 branches of the dungeon, and saw 51 of its levels.
You visited the Abyss 1 time.
You visited 2 bazaars.
You also visited: Desolation.

You collected 5485 gold pieces.
You spent 3071 gold pieces at shops.

Inventory:

Hand Weapons
 G - the +7 sceptre of Torment (weapon) {pain, torment}
   (You found it in the Desolation of Salt)
 P - the +9 eveningstar of Defence by Offence {flame, rElec}
   (Okawaru gifted it to you on level 4 of the Swamp)

   rElec:     It insulates you from electricity.
 V - a +9 demon whip of venom
Missiles
 e - 8 javelins
 y - 8 silver javelins
 R - 7 boomerangs (quivered)
Armour
 a - a scarf of resistance (worn)
 b - the +5 crystal plate armour "Quogemui" (worn) {-Cast Rampage Regen+ Int-4}
   (Okawaru gifted it to you on level 4 of the Swamp)

   Int-4:     It affects your intelligence (-4).
   -Cast:     It prevents spellcasting.
   Regen+:    It increases your rate of health regeneration.
   Rampage:   It bestows one free step when moving towards enemies.
 c - a +2 hat
 k - the +5 Storm Queen's Shield (worn) {shock, Fly rElec}
   (You acquired it on level 2 of the Swamp)

   Shock:     When it blocks an attack, it may electrocute the attacker.
   This works even against foes who are a short distance away.
   rElec:     It insulates you from electricity.
   Fly:       It grants you flight.
 m - the +4 dragonskin cloak
   (You took it off Tiamat on level 1 of the Realm of Zot)

   Avatar's Aegis: It grants the wearer a chance to resist fire, cold, poison,
   electricity, acid, and negative energy.
 t - the +2 pair of boots of Rouwoecoly {-Cast Fly Str+7}
   (You found it in the Desolation of Salt)

   Str+7:     It affects your strength (+7).
   Fly:       It grants you flight.
   -Cast:     It prevents spellcasting.
 Q - a +2 pair of gloves (worn)
 Z - the +2 pair of boots of Elyvilon's Pride (worn) {+Blink Int+5 Dex-2}
   (You bought it in a shop on level 2 of the Orcish Mines)

   Int+5:     It affects your intelligence (+5).
   Dex-2:     It affects your dexterity (-2).
   +Blink:    It lets you blink.
Jewellery
 g - the ring "Xammuig" (right hand) {*Corrode rElec rF+ Str+6}
   (You found it on level 5 of the Pits of Slime)

   [ring of strength]

   Str+6:     It affects your strength (+6).
   rF+:       It protects you from fire.
   rElec:     It insulates you from electricity.
   *Corrode:  It may corrode you when you take damage.
 v - the ring "Vimyrah" {rC+ rN+ rCorr Str+3}
   (You bought it in a shop in a bazaar)

   [ring of protection from cold]

   Str+3:     It affects your strength (+3).
   rC+:       It protects you from cold.
   rN+:       It protects you from negative energy.
   rCorr:     It protects you from acid and corrosion.
 L - a ring of willpower
 N - a ring of poison resistance (left hand)
 O - a ring of see invisible
 S - the ring of Osmuut {Wiz rF++}
   (You found it in the Desolation of Salt)

   [ring of wizardry]

   Wiz:       It improves your spell success rate.
   rF++:      It greatly protects you from fire.
 U - the amulet of Amorality (around neck) {Acrobat ^Drain rF++ Regen+}
   (You acquired it on level 1 of the Realm of Zot)

   [amulet of the acrobat]

   Acrobat:   It increases your evasion while moving and waiting.
   rF++:      It greatly protects you from fire.
   Regen+:    It increases your rate of health regeneration.
   ^Drain:    It drains your maximum health when unequipped.
Wands
 i - a wand of light (6)
 w - a wand of polymorph (13)
 I - a wand of digging (5)
 M - a wand of iceblast (21)
Scrolls
 d - 4 scrolls of immolation
 h - 10 scrolls of vulnerability
 s - 2 scrolls of torment
 x - 5 scrolls of poison
 A - 2 scrolls of brand weapon
 C - 7 scrolls of fear
 J - 3 scrolls of silence
 X - 3 scrolls of enchant armour
 Y - 7 scrolls of teleportation
Potions
 f - 3 potions of attraction
 j - 11 potions of curing
 n - 4 potions of berserk rage
 o - 2 potions of invisibility
 r - 4 potions of degeneration
 z - 7 potions of ambrosia
 B - 6 potions of cancellation
 E - a potion of resistance
 F - a potion of enlightenment
 H - 4 potions of lignification
 K - 10 potions of might
 T - 2 potions of haste
 W - 2 potions of heal wounds
Miscellaneous
 l - a tin of tremorstones (2/2)
 D - a phial of floods


   Skills:
 O Level 27 Fighting
 - Level 9.8(14.5) Axes
 - Level 17.0(18.0) Maces & Flails
 - Level 20.6 Throwing
 + Level 22.9 Armour
 - Level 16.0 Dodging
 - Level 21.0 Shields
 - Level 3.0 Necromancy
 - Level 10.0 Invocations
 - Level 4.0 Evocations


You had 24 spell levels left.
You didn't know any spells.
Your spell library contained the following spells:

 Spells                   Type           Power      Damage    Failure   Level
 Fugue of the Fallen      Necr           4%         N/A       94%         3
 Vampiric Draining        Necr           4%         2d6       94%         3
 Apportation              Tloc           0%         N/A       96%         1
 Slow                     Hex            0%         N/A       96%         1
 Cigotuvi's Dreadful Rot  Necr/Alch/Air  2%         N/A       96%         2
 Blink                    Tloc           0%         N/A       99%         2
 Ensorcelled Hibernation  Hex/Ice        0%         N/A       99%         2
 Jinxbite                 Hex            0%         N/A       99%         2
 Lesser Beckoning         Tloc           0%         N/A       99%         2
 Momentum Strike          Conj/Tloc      0%         3d8       99%         2
 Confusing Touch          Hex            0%         N/A       100%        3
 Dazzling Flash           Conj/Hex       0%         N/A       100%        3
 Gell's Gravitas          Tloc           0%         N/A       100%        3
 Inner Flame              Hex/Fire       0%         N/A       100%        3
 Passwall                 Erth           0%         N/A       100%        3
 Sigil of Binding         Hex            0%         N/A       100%        3
 Swiftness                Air            0%         N/A       100%        3
 Teleport Other           Tloc           0%         N/A       100%        3
 Volatile Blastmotes      Fire/Tloc      0%         2d10      100%        3
 Anguish                  Hex/Necr       1%         N/A       100%        4
 Brom's Barrelling Bould  Conj/Erth      0%         2d3       100%        4
 Dimensional Bullseye     Hex/Tloc       0%         N/A       100%        4
 Flame Wave               Conj/Fire      0%         2d4       100%        4
 Fulminant Prism          Conj/Alch      0%         3d5       100%        4
 Ignite Poison            Fire/Alch      0%         N/A       100%        4
 Iskenderun's Mystic Bla  Conj/Tloc      0%         2d3       100%        4
 Leda's Liquefaction      Alch/Erth      0%         N/A       100%        4
 Passage of Golubria      Tloc           0%         N/A       100%        4
 Petrify                  Alch/Erth      0%         N/A       100%        4
 Sticky Flame             Fire/Alch      0%         2d4       100%        4
 Vhi's Electric Charge    Tloc/Air       0%         N/A       100%        4
 Alistair's Intoxication  Alch           0%         N/A       100%        5
 Arcjolt                  Conj/Air       0%         1d10      100%        5
 Borgnjor's Vile Clutch   Necr/Erth      1%         N/A       100%        5
 Fireball                 Conj/Fire      0%         3d3       100%        5
 Freezing Cloud           Conj/Ice/Air   0%         6-21      100%        5
 Irradiate                Conj/Alch      0%         3d11      100%        5
 Iskenderun's Battlesphe  Conj           0%         2d6       100%        5
 Yara's Violent Unravell  Hex/Alch       0%         3d3       100%        5
 Bombard                  Conj/Erth      0%         9d1       100%        6
 Conjure Ball Lightning   Conj/Air       0%         3x3d6     100%        6
 Dispersal                Tloc           0%         N/A       100%        6
 Eringya's Noxious Bog    Alch           0%         4d6       100%        6
 Plasma Beam              Fire/Air       0%         2x1d10    100%        6
 Starburst                Conj/Fire      0%         6d3       100%        6
 Lehudib's Crystal Spear  Conj/Erth      0%         10d2      100%        8
 Maxwell's Capacitive Co  Air            0%         ∞         100%        8
 Chain Lightning          Conj/Air       0%         N/A       100%        9
 Summon Small Mammal      Summ           Unusable   N/A       N/A         1
 Call Canine Familiar     Summ           Unusable   N/A       N/A         3
 Tukima's Dance           Hex            Unusable   N/A       N/A         3
 Summon Blazeheart Golem  Fire/Summ      Unusable   N/A       N/A         4
 Sculpt Simulacrum        Ice/Alch       Unusable   N/A       N/A         6
 Spellforged Servitor     Conj/Summ      Unusable   N/A       N/A         7

Dungeon Overview and Level Annotations

Branches:
Dungeon (15/15)            Temple (1/1) D:6            Lair (5/5) D:10
  Swamp (4/4) Lair:2       Spider (4/4) Lair:2        Slime (5/5) Lair:5
    Orc (2/2) D:10            Elf (2/3) Orc:2        Vaults (4/5) D:14
  Crypt (0/3) Vaults:3     Depths (4/4) D:15            Zot (5/5) Depths:4
Desolation (visited)

Altars:
Ashenzari
Cheibriados
Dithmenos
Elyvilon
Fedhas
Gozag
Hepliaklqana
Kikubaaqudgha
Makhleb
Nemelex Xobeh
Okawaru
Qazlal
Ru
Sif Muna
Trog
Uskayaw
Vehumet
Wu Jian
Xom
Yredelemnul
Zin
The Shining One
Jiyva
Lugonu

Shops:
D:3 [   Orc:1 :   Orc:2 ??[[[   Elf:1 !((=   Elf:2 =   Vaults:3 *   Depths:4 [

Portals:
Hell: Depths:1 Depths:2 Depths:3 Depths:4
Abyss: Depths:3 Depths:4
Pandemonium: Depths:2 Depths:3
Ziggurat: Depths:1

Annotations:
D:13 exclusion: oklob plant
Lair:2 exclusion: 2 oklob plants
Spider:3 2 transporters, Lotaimix's ghost, adept HOFi
Orc:1 2 transporters
Orc:2 2 transporters, CougarLife's ghost, journeyman MiBe
Elf:2 Roxanne
Depths:1 exclusions: downstairs and eye of devastation
Zot:1 2 transporters
Zot:2 2 transporters, Beclu's ghost, legendary GnSk


Innate Abilities, Weirdness & Mutations

You have a pair of large horns on your head.
You reflexively headbutt those who attack you in melee.
Your magical capacity is low. (-10% MP)
Your muscles are strong. (Str +4, Int/Dex -1)
You occasionally lose the ability to read scrolls when taking damage.


Message History

The orb of electricity engulfs the tormentor!!!
The tormentor dies!
There is a stone staircase leading up here.
Firuxa gestures at you.
The orb of electricity explodes!
The orb of electricity engulfs you!! You resist.
You fly upwards.
There is a stone staircase leading down here.
You start removing your armour.
You continue taking off the +4 dragonskin cloak. x4
You finish taking off the +4 dragonskin cloak.
You no longer feel protected from the elements.
You start putting on your armour.
You continue putting on your scarf of resistance. x5
You finish putting on your scarf of resistance.
You feel resistant to extremes of temperature.
You feel much better.
Aiming: Dig
Press: ? - help, Shift-Dir - straight line A rock wall.
This square is covered in magical glow.
The rock shatters into small pieces.
A Brimstone Fiend comes into view.
There is a stone staircase leading up here.
HP restored.
You fly upwards.
There is a stone staircase leading down, spattered with blood here.
There is a stone staircase leading up here.
You fly upwards.
There is a stone staircase leading down here.
There is an escape hatch in the ceiling here.
What level of the Dungeon? (default 2, ? - help)
You see here a +0 dagger.
There is a stone staircase leading up here.
You fly upwards.
There is a stone staircase leading down here.
You see here a +0 dagger.
There is an open door here.
There is a staircase leading out of the dungeon here.
You have escaped!

#.###.........#.......#####..
#.............#.......##.....
##............#..............
#............#..............
#......########.##..........
#......##.....#.....#.......
#...................#.......
#...................+.......
#..........@........#.......
#..............#....#.......
#......#.......#....#.......
#......##.....#.....+.......
#......##...###.....#.......
#....#......###.....#.......
#....#..............#.......
#....#..............#.......
##..........................


There were no monsters in sight!

Vanquished Creatures
  the Royal Jelly (Slime:5)
  Tiamat (Zot:1)
  5 dread liches
  3 ancient liches (Zot:5)
  4 orbs of fire
  Josephina (Zot:2)
  A pandemonium lord (D:15)
  2 Killer Klowns (Zot:5)
  2 curse toes
  8 golden dragons
  Arachne (Spider:2)
  Jory (Vaults:2)
  A bone dragon (Depths:4)
  3 electric golems
  3 liches
  22 Orb Guardians
  18 tentacled monstrosities
  Asterion (Vaults:2)
  Jorgrun (Swamp:2)
  A deep elf blademaster (Elf:2)
  4 quicksilver dragons
  23 acid blobs
  2 Executioners
  2 sphinxes
  Frances (Elf:1)
  An eldritch tentacle (Slime:5)
  6 death cobs
  A tengu reaver (Vaults:3)
  Donald (Spider:3)
  4 shadow dragons
  12 storm dragons
  11 azure jellies
  2 protean progenitors (Zot:2)
  5 draconian shifters
  5 draconian monks
  2 draconian knights (Zot:2)
  3 imperial myrmidons (Desolation)
  8 rockslimes (Slime:5)
  3 fire giants
  A balrug (Depths:1)
  2 emperor scorpions (Spider:4)
  5 ghost moths
  7 draconian scorchers
  5 frost giants
  A deep elf elementalist (Elf:2)
  9 vault wardens
  3 draconian stormcallers
  23 very ugly things
  10 ironbound preservers
  6 ironbound thunderhulks
  A reaper (D:10)
  An orc warlord (Vaults:3)
  13 stone giants
  10 quicksilver oozes
  2 spriggan defenders
  6 draconian annihilators
  3 broodmothers
  10 formless jellyfish
  A juggernaut skeleton (Depths:1)
  4 black draconians
  A deep elf death mage (Elf:1)
  9 green draconians
  4 white draconians
  A deep elf demonologist (Elf:1)
  9 bunyips
  2 vampire knights (Depths:4)
  A halazid warlock (Desolation)
  7 yellow draconians
  Azrael (D:15)
  A lorocyproca (Zot:3)
  2 eleionomae (Swamp:3)
  4 dire elephants
  A war gargoyle (Vaults:3)
  10 red draconians
  7 spark wasps
  10 purple draconians
  A merfolk javelineer (Depths:3)
  7 ettins
  5 crystal guardians
  5 entropy weavers
  7 servants of whispers (Desolation)
  6 ragged hierophants (Desolation)
  An entropy weaver (shapeshifter) (Elf:1)
  13 yaktaur captains
  A spriggan zombie (Depths:1)
  2 rakshasas
  13 fire dragons
  6 great orbs of eyes
  A deep elf high priest (Vaults:3)
  14 vault guards
  2 hell beasts
  7 ice dragons
  3 spriggan air magi (Depths:3)
  A ghost crab (Swamp:1)
  Erolcha (D:12)
  Fannar (Lair:2)
  2 catoblepae
  29 hydras
  5 ironbound frosthearts
  3 ogre magi
  6 alligators
  8 jorogumos
  2 radroaches
  5 peacekeepers
  2 boulder beetles
  11 centaur warriors
  13 deep troll earth magi
  15 two-headed ogres
  24 dancing weapons
  A sphinx skeleton (Depths:1)
  A death scarab (Spider:2)
  7 deep troll shamans
  4 tengu warriors
  5 hell hogs (Depths:1)
  8 demonic crawlers
  2 soul eaters (Depths:1)
  A shock serpent (shapeshifter) (Elf:1)
  3 occultists
  15 hell knights
  8 spriggan berserkers
  4 sun demons
  3 skysharks
  13 deep elf knights
  11 iron trolls
  Amaemon (Lair:3)
  A fire crab (Lair:5)
  A sixfirhy (D:15)
  A shadow demon (D:7)
  5 goliath frogs
  6 pharaoh ants
  A salamander mystic (Depths:1)
  A cherub (D:9)
  7 deep elf archers
  7 arcanists
  5 spriggan druids
  48 deep trolls
  A glowing orange brain (Depths:1)
  A flayed ghost (Depths:3)
  5 swamp dragons
  12 orb spiders
  17 ironbound convokers
  10 lindwurms
  21 deep elf pyromancers
  Pikel (D:3)
  A shining eye (shapeshifter) (Elf:1)
  4 bog bodies
  19 deep elf zephyrmancers
  6 steelbarb worms
  3 orc knights
  4 necromancers
  A lindwurm (shapeshifter) (Vaults:1)
  49 ugly things
  A wolf spider zombie (D:8)
  3 harpies (Vaults:3)
  A cyclops (shapeshifter) (Elf:1)
  2 orc sorcerers
  14 wolf spiders
  2 shining eyes (Slime:5)
  11 cyclopes
  3 manticores
  6 will-o-the-wisps (Swamp:4)
  2 salamanders (Depths:1)
  3 meliai (Spider:2)
  17 moths of wrath
  6 black mambas
  A kobold blastminer (Orc:1)
  A guardian serpent (Desolation)
  2 molten gargoyles (Lair:5)
  2 black mambas (shapeshifter) (Elf:1)
  2 elephants (Lair:2)
  15 vault sentinels
  An orange demon (Lair:3)
  6 large abominations
  2 smoke demons
  8 torpor snails
  An eye of devastation (Abyss:3)
  3 gargoyles
  A storm dragon simulacrum (Zot:2)
  5 rime drakes
  2 unseen horrors (Abyss:3)
  A hellion (Depths:3)
  A komodo dragon (shapeshifter) (Elf:2)
  2 kobold demonologists
  16 komodo dragons
  11 cane toads
  31 yaktaurs
  3 tengu conjurers
  A red devil (Abyss:3)
  13 trolls
  A polar bear (Lair:3)
  A queen bee (Lair:2)
  2 hellwings
  A hornet (shapeshifter) (Elf:1)
  21 hornets
  A shadow dragon simulacrum (Zot:2)
  A bloated husk (Swamp:2)
  12 tyrant leeches
  2 wind drakes (shapeshifter)
  42 saltlings
  18 tarantellas
  2 glass eyes
  A stone giant simulacrum (Depths:1)
  8 dream sheep
  A dream sheep (shapeshifter) (Elf:1)
  18 blink frogs
  23 jumping spiders
  A wraith (D:9)
  67 slime creatures
  2 shadows
  An air elemental (Elf:2)
  24 culicivoras
  10 spriggans
  2 vampires
  2 ynoxinuls (Abyss:3)
  2 golden eyes (Slime:1)
  6 humans (D:14)
  6 water elementals
  Eustachio (D:4)
  8 basilisks
  8 wyverns
  70 yaks
  4 fire elementals
  48 redbacks
  A purple draconian simulacrum (Zot:2)
  A neqoxec (D:9)
  A warg (Orc:1)
  14 vampire mosquitoes
  Menkaure (D:4)
  8 steam dragons
  A naga (shapeshifter) (Elf:1)
  Grum (D:9)
  An acid dragon (D:14)
  20 swamp worms
  A water moccasin (shapeshifter) (Elf:1)
  8 hell hounds
  15 water moccasins
  A moth of wrath simulacrum (Zot:2)
  12 swamp drakes
  11 orc warriors
  2 ice beasts (D:7)
  2 elephant zombies (Lair:3)
  2 hornet zombies (D:8)
  A small abomination (D:15)
  3 black bears
  21 ogres
  3 laughing skulls
  A lemure (D:3)
  5 wolves
  12 centaurs
  A phantom (D:6)
  13 kobold brigands
  Blork the orc (D:5)
  3 earth elementals
  A gnoll sergeant (D:9)
  11 bullfrogs
  4 scorpions
  11 wights
  43 killer bees
  4 electric eels
  2 howler monkeys
  6 lava snakes
  2 basilisk zombies (Lair:3)
  6 hounds
  9 orc priests
  A bombardier beetle (D:3)
  9 jellies
  A sleepcap (D:7)
  A gnoll bouda (D:7)
  3 iguanas
  Ijyb (D:4)
  12 hell rats
  9 orc wizards
  14 gnolls
  6 adders
  2 river rats (Lair:2)
  5 shadow imps
  2 white imps (D:4)
  An ufetubus (Abyss:3)
  6 ribbon worms
  2 dart slugs
  57 orcs
  5 bats
  10 endoplasms
  3 giant cockroaches
  10 goblins
  6 hobgoblins
  4 jackals (D:2)
  21 kobolds
  5 quokkas
  4 ball pythons (D:4)
  5 frilled lizards
  7 rats
2013 creatures vanquished.

Vanquished Creatures (others)
  An Orb Guardian (Zot:5)
  A lich (D:15)
  A draconian knight (Zot:5)
  A vampire knight (Depths:4)
  An occultist (Depths:1)
  A deep elf knight (Elf:1)
  A will-o-the-wisp (Swamp:2)
  A tormentor (D:5)
  4 bloated husks
  A tyrant leech (Swamp:2)
  A human (D:14)
  2 redbacks (Spider:4)
  A swamp drake (Swamp:4)
  26 foxfires
43 creatures vanquished.

Grand Total: 2056 creatures vanquished

Notes
Turn   | Place    | Note
-------+----------+-------------------------------------------
     0 | D:1      | gosagan the Minotaur Gladiator began the quest for the Orb.
     0 | D:1      | Reached XP level 1. HP: 18/18 MP: 0/0
   124 | D:1      | Reached XP level 2. HP: 22/25 MP: 1/1
   966 | D:2      | Reached XP level 3. HP: 27/30 MP: 2/2
  1060 | D:2      | Reached skill level 5 in Axes
  1210 | D:2      | Reached XP level 4. HP: 37/37 MP: 3/3
  1463 | D:3      | Found Qutuuma's Antique Armour Shoppe.
  2000 | D:3      | Reached XP level 5. HP: 40/42 MP: 4/4
  2093 | D:4      | Noticed a lemure
  2094 | D:4      | Noticed a lemure
  2095 | D:4      | Noticed Pikel
  2097 | D:4      | Noticed a lemure
  2106 | D:3      | Killed a lemure
  2191 | D:3      | Killed Pikel
  2192 | D:3      | Reached XP level 6. HP: 35/50 MP: 5/5
  2192 | D:3      | Reached XP level 7. HP: 39/56 MP: 6/6
  2302 | D:4      | Noticed Ijyb
  2322 | D:4      | Killed Ijyb
  2323 | D:4      | Reached skill level 1 in Maces & Flails
  2482 | D:4      | Noticed Menkaure
  2487 | D:4      | Killed Menkaure
  2700 | D:4      | Noticed Eustachio
  2705 | D:4      | Killed Eustachio
  2710 | D:4      | Reached skill level 5 in Maces & Flails
  2862 | D:4      | Reached XP level 8. HP: 62/62 MP: 7/7
  3499 | D:5      | Entered Level 5 of the Dungeon
  3622 | D:5      | Noticed Blork the orc
  3636 | D:5      | Killed Blork the orc
  3740 | D:5      | Found a hide-covered altar of Uskayaw.
  4195 | D:6      | Found a snail-covered altar of Cheibriados.
  4207 | D:6      | Found a staircase to the Ecumenical Temple.
  4223 | Temple   | Entered the Ecumenical Temple
  4235 | Temple   | Became a worshipper of Warmaster Okawaru
  4378 | D:6      | Reached skill level 10 in Maces & Flails
  4512 | D:6      | Found a white marble altar of Elyvilon.
  4624 | D:6      | Reached XP level 9. HP: 68/68 MP: 8/8
  4741 | D:7      | Reached * piety under Okawaru
  4805 | D:7      | Reached skill level 1 in Invocations
  4915 | D:7      | Found a sparkling altar of Nemelex Xobeh.
  5494 | D:8      | Reached ** piety under Okawaru
  5502 | D:8      | Noticed a hellwing
  5596 | D:8      | Noticed a two-headed ogre
  5598 | D:8      | Found a glowing silver altar of Zin.
  5721 | D:8      | Killed a two-headed ogre
  5722 | D:8      | Reached skill level 5 in Invocations
  5886 | D:8      | Reached *** piety under Okawaru
  5887 | D:8      | Reached XP level 10. HP: 58/74 MP: 13/13
  6100 | D:8      | Got Afomoffa's Compendium of Mighty Rot
  6180 | D:8      | Reached **** piety under Okawaru
  6916 | D:8      | Reached skill level 3 in Fighting
  7081 | D:8      | Reached skill level 4 in Fighting
  7093 | D:8      | Reached skill level 5 in Fighting
  7297 | D:9      | Noticed Grum
  7322 | D:9      | Reached skill level 6 in Fighting
  7329 | D:9      | Killed Grum
  7464 | D:9      | Noticed a two-headed ogre
  7474 | D:9      | Killed a two-headed ogre
  7475 | D:9      | Reached skill level 7 in Fighting
  7475 | D:9      | Reached XP level 11. HP: 92/92 MP: 14/14
  8031 | D:9      | Noticed a two-headed ogre
  8042 | D:9      | Killed a two-headed ogre
  8043 | D:9      | Reached skill level 8 in Fighting
  8160 | D:10     | Entered Level 10 of the Dungeon
  8206 | D:10     | Found a staircase to the Orcish Mines.
  8336 | D:10     | Reached ***** piety under Okawaru
  8337 | D:10     | Reached skill level 9 in Fighting
  8353 | D:10     | Identified the +1 plate armour of the Inquisitive Tables
                  | {Will+ rCorr Dex+3}
  8707 | D:10     | Found a burning altar of Makhleb.
  8763 | D:10     | Found a hazy altar of Hepliaklqana.
  8764 | D:10     | Found a shadowy altar of Dithmenos.
  8832 | D:10     | Found a staircase to the Lair.
  9034 | D:3      | Bought a kite shield for 112 gold pieces
  9267 | Lair:1   | Entered Level 1 of the Lair of Beasts
  9273 | Lair:1   | You fall into a shaft and drop 1 floor!
  9273 | Lair:2   | Noticed a skyshark
  9294 | Lair:2   | Killed a skyshark
  9304 | Lair:2   | Reached skill level 1 in Shields
  9327 | Lair:2   | Reached skill level 5 in Shields
  9337 | Lair:2   | Received a gift from Okawaru
  9660 | Lair:1   | Reached skill level 5 in Armour
  9919 | Lair:1   | Reached skill level 10 in Fighting
 10535 | Lair:2   | Reached skill level 11 in Fighting
 10535 | Lair:2   | Reached XP level 12. HP: 110/110 MP: 10/16
 10553 | Lair:2   | Received a gift from Okawaru
 10590 | Lair:2   | Reached skill level 12 in Fighting
 11606 | Lair:2   | Received a gift from Okawaru
 11607 | Lair:2   | Reached skill level 10 in Shields
 11632 | Lair:2   | Found a hole to the Spider Nest.
 11893 | Lair:2   | Noticed an eight-headed hydra
 11899 | Lair:2   | Killed an eight-headed hydra
 11900 | Lair:2   | Reached skill level 5 in Dodging
 12068 | Lair:2   | Found a staircase to the Swamp.
 12167 | Lair:3   | Noticed a six-headed hydra
 12181 | Lair:3   | Killed a six-headed hydra
 12223 | Lair:3   | Noticed Fannar
 12246 | Lair:2   | Killed Fannar
 12247 | Lair:2   | Reached skill level 13 in Fighting
 12618 | Lair:3   | Noticed Amaemon
 12635 | Lair:3   | Killed Amaemon
 12677 | Lair:3   | Reached XP level 13. HP: 122/122 MP: 17/17
 12795 | Lair:3   | Identified the +8 battleaxe "Bizuet" {heavy, rC- Dex+4}
 12942 | Lair:3   | Received a gift from Okawaru
 13640 | Lair:4   | Reached skill level 10 in Armour
 13907 | Lair:4   | Received a gift from Okawaru
 13920 | Lair:4   | Reached skill level 14 in Fighting
 14088 | Lair:4   | Noticed an azure jelly
 14108 | Lair:4   | Killed an azure jelly
 14109 | Lair:4   | Reached skill level 15 in Fighting
 14591 | Lair:5   | Entered Level 5 of the Lair of Beasts
 14591 | Lair:5   | Found a stormy altar of Qazlal.
 14785 | Lair:5   | Reached skill level 16 in Fighting
 14971 | Lair:5   | Found a large runed translucent door.
 14972 | Lair:5   | Noticed a fire dragon
 15111 | Lair:5   | Found a viscous altar of Jiyva.
 15111 | Lair:5   | Found a staircase to the Slime Pits.
 15139 | Lair:5   | Received a gift from Okawaru
 15154 | Lair:5   | Reached XP level 14. HP: 138/138 MP: 18/18
 15263 | Lair:5   | Reached skill level 17 in Fighting
 15684 | Lair:5   | Found a large runed translucent door.
 16299 | Orc:1    | Entered Level 1 of the Orcish Mines
 16299 | Orc:1    | Found a burning altar of Makhleb.
 16529 | Orc:1    | Found Jotzip's Book Emporium.
 16645 | Orc:1    | Found a transporter.
 16649 | Orc:1    | Noticed an orc warlord
 16655 | Orc:1    | Found a transporter.
 16857 | Orc:2    | Entered Level 2 of the Orcish Mines
 16857 | Orc:2    | Found Mujam's Armour Emporium.
 16897 | Orc:2    | Found Peczies's Armour Boutique.
 17188 | Orc:2    | Found a staircase to the Elven Halls.
 17227 | Orc:2    | Received a gift from Okawaru
 17264 | Orc:2    | Found Libbaus's Antique Armour Shoppe.
 17280 | Orc:2    | Found Byosod's Magic Scroll Emporium.
 17281 | Orc:2    | Found Tottoef's Magic Scroll Shop.
 17330 | Orc:2    | Found a transporter.
 17331 | Orc:2    | Noticed CougarLife's ghost (journeyman MiBe)
 17349 | Orc:2    | Found a transporter.
 17501 | Orc:2    | Bought the +2 pair of boots of Elyvilon's Pride {+Blink
                  | Int+5 Dex-2} for 522 gold pieces
 17501 | Orc:2    | Bought a scarf of resistance for 480 gold pieces
 17525 | Orc:2    | Bought a scroll of enchant weapon for 97 gold pieces
 17525 | Orc:2    | Bought a scroll of fear for 52 gold pieces
 17525 | Orc:2    | Bought a scroll of blinking for 97 gold pieces
 19479 | D:12     | Reached XP level 15. HP: 147/147 MP: 20/20
 19577 | D:12     | Noticed Erolcha
 19582 | D:12     | Killed Erolcha
 19874 | D:13     | Received a gift from Okawaru
 20239 | D:13     | Found a blossoming altar of Fedhas.
 20811 | D:14     | Reached skill level 5 in Throwing
 21120 | D:14     | Identified the +10 whip of Narphuakk {flame, *Rage rElec
                  | rC+}
 21242 | D:14     | Received a gift from Okawaru
 21561 | D:14     | Found a gate to the Vaults.
 21647 | D:15     | Entered Level 15 of the Dungeon
 21804 | D:15     | Noticed Azrael
 21826 | D:15     | Killed Azrael
 21889 | D:15     | Received a gift from Okawaru
 22255 | D:15     | Reached skill level 10 in Throwing
 22301 | D:15     | Found a staircase to the Depths.
 22793 | Swamp:1  | Entered Level 1 of the Swamp
 22885 | Swamp:1  | Noticed a tentacled monstrosity
 22913 | Swamp:1  | Killed a tentacled monstrosity
 23220 | Swamp:1  | Received a gift from Okawaru
 23662 | Swamp:2  | Identified a scroll of acquirement
 23673 | Swamp:2  | Acquired the +5 Storm Queen's Shield {shock, Fly rElec}
 23673 | Swamp:2  | Found the +5 Storm Queen's Shield {shock, Fly rElec}
 23712 | Swamp:2  | Reached XP level 16. HP: 136/155 MP: 21/21
 23903 | Swamp:2  | Noticed Jorgrun
 23915 | Swamp:2  | Killed Jorgrun
 25135 | Swamp:4  | Entered Level 4 of the Swamp
 25275 | Swamp:4  | Reached skill level 10 in Dodging
 25355 | Swamp:4  | Reached ****** piety under Okawaru
 25399 | Swamp:4  | Acquired the +9 eveningstar of Defence by Offence {flame,
                  | rElec}
 25399 | Swamp:4  | Received a gift from Okawaru
 25406 | Swamp:4  | Acquired the +5 crystal plate armour "Quogemui" {-Cast
                  | Rampage Regen+ Int-4}
 25406 | Swamp:4  | Received a gift from Okawaru
 25438 | Swamp:4  | Got a decaying rune of Zot
 25460 | Swamp:4  | Received a gift from Okawaru
 25551 | Swamp:4  | Reached skill level 18 in Fighting
 25785 | Swamp:4  | Noticed a tentacled monstrosity
 25796 | Swamp:4  | Killed a tentacled monstrosity
 26141 | Spider:1 | Entered Level 1 of the Spider Nest
 26364 | Spider:1 | Received a gift from Okawaru
 26441 | Spider:1 | Reached skill level 19 in Fighting
 26447 | Spider:1 | Reached XP level 17. HP: 168/168 MP: 22/22
 27100 | Spider:2 | Noticed Arachne
 27123 | Spider:2 | Killed Arachne
 27124 | Spider:2 | Reached skill level 20 in Fighting
 27295 | Spider:2 | Reached skill level 15 in Shields
 27804 | Spider:2 | Received a gift from Okawaru
 28035 | Spider:3 | Found a transporter.
 28151 | Spider:3 | Noticed Lotaimix's ghost (adept HOFi)
 28309 | Spider:3 | Found a transporter.
 28626 | Spider:4 | Entered Level 4 of the Spider Nest
 28626 | Spider:4 | Noticed Donald
 28987 | Spider:3 | Killed Donald
 29475 | Spider:3 | Received a gift from Okawaru
 30007 | Spider:4 | Reached XP level 18. HP: 106/178 MP: 12/23
 30401 | Spider:4 | Identified the +1 pair of boots of the Lost Thickets
                  | {Int+5}
 30433 | Spider:4 | Got a gossamer rune of Zot
 30548 | Spider:4 | Identified the serpent talisman of Qaunoets {rC+ Str+3
                  | Stlth+}
 30924 | Elf:1    | Entered Level 1 of the Elven Halls
 30924 | Elf:1    | Noticed Frances
 30931 | Elf:1    | Killed Frances
 30976 | Elf:1    | Received a gift from Okawaru
 31519 | Elf:1    | Gained mutation: You sometimes lose your temper in combat.
                  | [a shining eye]
 31540 | Elf:1    | Got the Precepts of the Skiapode
 31553 | Elf:1    | Got the Grimoire of the Ouroboros
 31626 | Elf:1    | Lost mutation: You sometimes lose your temper in combat.
                  | [potion of mutation]
 31626 | Elf:1    | Gained mutation: Your spells are a little easier to cast,
                  | but a little less powerful. [potion of mutation]
 31626 | Elf:1    | Lost mutation: Your spells are a little easier to cast, but
                  | a little less powerful. [potion of mutation]
 31741 | Elf:1    | Reached skill level 15 in Armour
 31894 | Elf:1    | Found Bukhomur's Antique Weapon Shop.
 31894 | Elf:1    | Found Osippis's Antique Weapon Boutique.
 31899 | Elf:1    | Found Futualecw's Jewellery Shop.
 31900 | Elf:1    | Found Tumiut's Distillery.
 31917 | Elf:1    | Bought a potion of haste for 120 gold pieces
 31917 | Elf:1    | Bought a potion of heal wounds for 60 gold pieces
 31917 | Elf:1    | Bought a potion of curing for 36 gold pieces
 31917 | Elf:1    | Bought a potion of curing for 36 gold pieces
 31917 | Elf:1    | Bought a potion of curing for 36 gold pieces
 32381 | Elf:2    | Noticed Roxanne
 32481 | Elf:2    | Paralysed by an air elemental for 1 turns
 32562 | Elf:2    | Found a radiant altar of Vehumet.
 32976 | Elf:2    | Found a runed translucent gate.
 32976 | Elf:2    | Found a runed translucent gate.
 32989 | Elf:2    | Found a runed translucent gate.
 33099 | Elf:2    | Found Ximad's Jewellery Boutique.
 33120 | Elf:2    | Bought a ring of poison resistance for 340 gold pieces
 33578 | Elf:2    | Received a gift from Okawaru
 34061 | Vaults:1 | Entered Level 1 of the Vaults
 34149 | Vaults:1 | Reached XP level 19. HP: 156/185 MP: 24/24
 34635 | Vaults:1 | Reached skill level 10 in Invocations
 34849 | Vaults:1 | You are sucked into a shaft and drop 1 floor!
 34853 | Vaults:2 | Noticed Jory
 34861 | Vaults:2 | Killed Jory
 35058 | Vaults:2 | Received a gift from Okawaru
 35251 | Vaults:2 | Noticed Asterion
 35269 | Vaults:2 | Killed Asterion
 35312 | Vaults:2 | Found a flickering gateway to a bazaar.
 35322 | Bazaar   | Entered a bazaar
 35330 | Bazaar   | Found Luarush's Jewellery Shop.
 35330 | Bazaar   | Found Boniclag's Antique Armour Shop.
 35384 | Bazaar   | Bought the ring "Vimyrah" {rC+ rN+ rCorr Str+3} for 721
                  | gold pieces
 35427 | Vaults:2 | Reached skill level 15 in Maces & Flails
 36394 | Vaults:3 | Found a staircase to the Crypt.
 36394 | Vaults:3 | Found an ancient bone altar of Kikubaaqudgha.
 36395 | Vaults:3 | Found a basalt altar of Yredelemnul.
 36751 | Vaults:3 | Reached XP level 20. HP: 185/193 MP: 26/26
 36799 | Vaults:3 | Received a gift from Okawaru
 36985 | Vaults:3 | Found Bupnoeteor's General Store.
 36990 | Vaults:3 | Bought a potion of cancellation for 96 gold pieces
 37372 | Vaults:3 | Got Luwof's Cyclopedia of Excavation and Thunder
 37642 | Vaults:4 | Found a crumbling gateway.
 37665 | Desolati | Entered the Desolation of Salt
 37711 | Desolati | Identified the +7 flail "Depuxio" {heavy, rElec rPois Int+4
                  | Dex+3}
 37738 | Desolati | Found the +7 sceptre of Torment {pain, torment}
 37739 | Desolati | Got the Compendium of the Conjured Torch
 37749 | Desolati | Received a gift from Okawaru
 37812 | Desolati | Identified the ring of Osmuut {Wiz rF++}
 37820 | Desolati | Identified the +2 pair of boots of Rouwoecoly {-Cast Fly
                  | Str+7}
 37866 | Desolati | Identified the +2 ring mail "Cuogriap" {-Cast rPois rC++
                  | rN+}
 37974 | Desolati | Reached skill level 15 in Throwing
 38233 | Desolati | Identified the +0 scale mail of Cerudi {rElec Str-3 Int+6}
 38371 | Desolati | Identified the +2 robe "Cixag" {^Contam Harm Str+3 Slay-6
                  | SInv}
 38638 | Vaults:4 | Received a gift from Okawaru
 38785 | Vaults:4 | Reached skill level 15 in Dodging
 39850 | Depths:1 | Entered Level 1 of the Depths
 39879 | Depths:1 | Found a one-way gateway to a ziggurat.
 40000 | Depths:1 | Reached XP level 21. HP: 198/202 MP: 27/27
 40011 | Depths:1 | Received a gift from Okawaru
 40052 | Depths:1 | Found a gateway to Hell.
 40264 | Depths:1 | Reached skill level 21 in Fighting
 40428 | Depths:1 | Found a white marble altar of Elyvilon.
 40429 | Depths:1 | You are sucked into a shaft and drop 1 floor!
 40445 | Depths:2 | Received a gift from Okawaru
 40540 | Depths:2 | Found a one-way gate leading to the halls of Pandemonium.
 40544 | Depths:2 | Found the +3 pair of mountain boots {steadfast, rC+}
 40556 | Depths:2 | Found a flickering gateway to a bazaar.
 40565 | Bazaar   | Entered a bazaar
 40565 | Bazaar   | Found Nuwatryt's Antique Armour Shoppe.
 40565 | Bazaar   | Found Bywnoideg's Magic Scroll Emporium.
 40565 | Bazaar   | Found Qups's Distillery.
 40590 | Bazaar   | Bought 2 potions of cancellation for 224 gold pieces
 40590 | Bazaar   | Bought a potion of curing for 42 gold pieces
 40618 | Depths:2 | Reached skill level 22 in Fighting
 40650 | Depths:2 | Received a gift from Okawaru
 40719 | Depths:2 | Found a bloodstained altar of Trog.
 40768 | Abyss:2  | Cast into level 2 of the Abyss (an occultist)
 40771 | Abyss:2  | Found a corrupted altar of Lugonu.
 40902 | Depths:2 | Escaped the Abyss
 41006 | Depths:2 | Identified the +0 buckler of Beneogh {+Blink rC++ Int-4
                  | Stlth+}
 41027 | Depths:2 | Reached skill level 1 in Evocations
 41640 | Depths:2 | Reached skill level 1 in Necromancy
 42089 | Depths:1 | Received a gift from Okawaru
 42249 | Depths:3 | Found a broken altar of Ashenzari.
 42576 | Depths:3 | Reached XP level 22. HP: 217/217 MP: 28/28
 42717 | Depths:3 | Found a corrupted altar of Lugonu.
 42732 | Depths:3 | Found a one-way gate to the infinite horrors of the Abyss.
 43312 | Depths:4 | Entered Level 4 of the Depths
 43339 | Depths:4 | Received a gift from Okawaru
 43612 | Depths:4 | Found Otzoiw's Armour Shop.
 43624 | Depths:4 | Noticed a golden dragon
 43634 | Depths:4 | Killed a golden dragon
 43759 | Depths:4 | Gained mutation: You are frail. (-10% HP) [mutagenic glow]
 43777 | Depths:4 | Gained mutation: You are vulnerable to heat. (rF-)
                  | [mutagenic glow]
 43781 | Depths:4 | Lost mutation: You are frail. (-10% HP) [potion of
                  | mutation]
 43781 | Depths:4 | Lost mutation: You are vulnerable to heat. (rF-) [potion of
                  | mutation]
 43781 | Depths:4 | Gained mutation: You have a pair of large horns on your
                  | head. [potion of mutation]
 43781 | Depths:4 | Gained mutation: You possess an exceptional clarity of
                  | mind. [potion of mutation]
 43873 | Depths:4 | Reached skill level 23 in Fighting
 44121 | Depths:4 | Received a gift from Okawaru
 44580 | Depths:4 | Found a gate to the Realm of Zot.
 45006 | Slime:1  | Entered Level 1 of the Pits of Slime
 45448 | Slime:2  | Paralysed by a formless jellyfish for 1 turns
 45547 | Slime:5  | Entered Level 5 of the Pits of Slime
 45936 | Slime:5  | Noticed the Royal Jelly
 45958 | Slime:5  | Killed the Royal Jelly
 46077 | Slime:5  | Reached XP level 23. HP: 226/226 MP: 29/29
 46160 | Slime:5  | Received a gift from Okawaru
 46193 | Slime:5  | Got the Volume of Pyromania and the Ouroboros
 46240 | Slime:5  | Got a slimy rune of Zot
 46244 | Slime:5  | Identified the ring "Xammuig" {*Corrode rElec rF+ Str+6}
 46298 | Slime:5  | Identified the +0 robe "Zadebro" {Will+}
 46333 | Slime:5  | Identified the +6 long sword of Welfare {flame, rCorr Int-3
                  | Dex+2}
 46339 | Slime:5  | Identified the +9 war axe "Dragon's Undoing" {elec, rCorr
                  | Str+2}
 47057 | Zot:1    | Entered Level 1 of the Realm of Zot
 47068 | Zot:1    | Found the +4 dragonskin cloak
 47068 | Zot:1    | Noticed Tiamat
 47085 | Zot:1    | Killed Tiamat
 47095 | Zot:1    | Found a transporter.
 47175 | Zot:1    | Found the +7 captain's cutlass {speed, disarm}
 47195 | Zot:1    | Noticed an orb of fire
 47201 | Zot:1    | Gained mutation: Your health recovers twice as slowly from
                  | being drained. [an orb of fire]
 47219 | Zot:1    | Killed an orb of fire
 47374 | Zot:1    | Acquired the amulet of Amorality {Acrobat ^Drain rF++
                  | Regen+}
 47398 | Zot:1    | Found a transporter.
 47855 | Zot:2    | Noticed an orb of fire
 47862 | Zot:2    | Gained mutation: You occasionally lose the ability to read
                  | scrolls when taking damage. [an orb of fire]
 47867 | Zot:2    | Gained mutation: Your magical capacity is low. (-10% MP)
                  | [an orb of fire]
 47877 | Zot:2    | Killed an orb of fire
 47910 | Zot:2    | Lost mutation: Your health recovers twice as slowly from
                  | being drained. [potion of mutation]
 47910 | Zot:2    | Lost mutation: You possess an exceptional clarity of mind.
                  | [potion of mutation]
 47910 | Zot:2    | Gained mutation: Your spells are a little harder to cast,
                  | but a little more powerful. [potion of mutation]
 47990 | Zot:2    | Found a transporter.
 47996 | Zot:2    | Identified the ring "Boboowe" {Ice Str+2}
 47996 | Zot:2    | Noticed Josephina
 48002 | Zot:2    | Found a transporter.
 48002 | Zot:2    | Noticed Beclu's ghost (legendary GnSk)
 48008 | Zot:2    | Noticed a Killer Klown
 48016 | Zot:2    | Killed Josephina
 48309 | Zot:2    | Identified the ring of Met Zilixtaj {*Corrode rC+ AC+4
                  | Dex+6 SInv}
 48738 | Zot:3    | Received a gift from Okawaru
 48985 | Zot:3    | Noticed an orb of fire
 48989 | Zot:3    | Lost mutation: Your spells are a little harder to cast, but
                  | a little more powerful. [an orb of fire]
 48993 | Zot:3    | Killed an orb of fire
 49212 | Zot:4    | Reached XP level 24. HP: 233/235 MP: 26/26
 49326 | Zot:5    | Entered Level 5 of the Realm of Zot
 49444 | Zot:5    | Received a gift from Okawaru
 49558 | Zot:5    | Reached skill level 24 in Fighting
 49794 | Zot:5    | Noticed an ancient lich
 49803 | Zot:5    | Killed an ancient lich
 49852 | Zot:5    | Noticed a dread lich
 49875 | Zot:5    | Noticed an ancient lich
 49896 | Zot:5    | Killed an ancient lich
 49899 | Zot:4    | Paralysed by something for 5 turns
 49912 | Zot:4    | Killed a dread lich
 49913 | Zot:4    | Reached skill level 25 in Fighting
 49935 | Zot:4    | Received a gift from Okawaru
 50064 | Zot:5    | Noticed a dread lich
 50064 | Zot:5    | Noticed a dread lich
 50064 | Zot:5    | Noticed an ancient lich
 50140 | Zot:5    | Noticed an orb of fire
 50142 | Zot:5    | Noticed a Killer Klown
 50151 | Zot:5    | Killed a dread lich
 50153 | Zot:5    | Noticed a Killer Klown
 50162 | Zot:5    | Killed an orb of fire
 50172 | Zot:5    | Lost intelligence.
 50177 | Zot:5    | Killed a Killer Klown
 50183 | Zot:5    | Killed a Killer Klown
 50339 | Zot:5    | Killed an ancient lich
 50340 | Zot:5    | Reached skill level 26 in Fighting
 50512 | Zot:5    | Received a gift from Okawaru
 50532 | Zot:5    | Noticed a dread lich
 50544 | Zot:5    | Paralysed by something for 4 turns
 50555 | Zot:5    | Paralysed by something for 2 turns
 50565 | Zot:5    | Killed a dread lich
 50573 | Zot:5    | Noticed a dread lich
 50583 | Zot:5    | Killed a dread lich
 50641 | Zot:5    | Killed a dread lich
 50642 | Zot:5    | Reached skill level 27 in Fighting
 50687 | Zot:5    | Got the Orb of Zot
 50803 | Zot:3    | Noticed Balosuts the pandemonium lord
 51055 | D:15     | Noticed Hoseig the pandemonium lord
 51076 | D:15     | Killed Hoseig the pandemonium lord
 51077 | D:15     | Reached XP level 25. HP: 157/257 MP: 26/26
 51080 | D:15     | Noticed Dulusont the pandemonium lord
 51084 | D:15     | Gained mutation: Your muscles are strong. (Str +4, Int/Dex
                  | -1) [a cacodemon]
 51345 | D:8      | Noticed Ohixuon the pandemonium lord
 51427 | D:5      | Noticed Firuxa the pandemonium lord
 51552 | D:$      | Escaped with the Orb!

Illustrated notes

Levels and vault maps discovered:
D:1:      dpeg_arrival_orchard, layout_basic, minmay_3d_cube
D:2:      layout_basic
D:3:      wad_pebble_path, layout_basic, serial_shops, nicolae_shop_behind_doors
D:4:      layout_loops_ring, portal_sewer_entry_c,
          eino_small_chamber_without_monster, minmay_misc_feat_pillars,
          minmay_liquid_box, serial_park_tiny_pond,
          ebering_dispersal_statue_hall, kennysheep_decorative_pillar,
          serial_library_hellmonk_octagon, uniq_eustachio, uniq_ijyb,
          uniq_pikel, uniq_menkaure
D:5:      layout_cave_pools, nicolae_uskayaw_suspiria, uniq_blork_the_orc
D:6:      layout_rooms, kennysheep_slug_shrine, general_overflow_altar,
          minmay_temple_entry_mist
D:7:      layout_gridville, nemelex_diamond_rough_becter
D:8:      cheibrodos_grave_circle, layout_loops_ring, old_standard_altar
D:9:      layout_grid_maze, serial_bayou_ford_a, uniq_grum
D:10:     layout_basic, chequers_temple_overflow_statue_of_worship,
          dpeg_oklobed_lair, orc_0_dummy
D:11:     layout_loops_ring, special_room [special_room_kobold],
          minmay_strange_pillars, minmay_microvault
D:12:     kennysheep_spiral_hall, layout_cave_pods, nicolae_figureground_pulse,
          uniq_erolcha
D:13:     layout_gridville, tgw_fedhas
D:14:     layout_basic, ximxim_vaults_locker_room, minmay_misc_feat_chi
D:15:     grunt_enter_depths_hoard, layout_small_grid, minivault_25, uniq_azrael
Temple:   nicolae_temple_two_arcs
Lair:1:   layout_regular_city, patterned_corridor
Lair:2:   hangedman_what_comes_after_a, layout_regular_city,
          palyth_hydra_swamp_entry, spider_nest_entry_rubble,
          serial_bayou_pond_e
Lair:3:   pond_and_an_island_with_a_cottage, layout_loops_ring,
          serial_bayou_pond_b, lemuel_fruit_fields, uniq_amaemon, uniq_fannar
Lair:4:   layout_concentric_octagons, gauntlet_entry_generic,
          nicolae_lair_time_for_slime, lemuel_fruit_tree, grunt_megastairs_1
Lair:5:   cheibrodos_lair_end_hotspot, layout_small_grid,
          minmay_slime_entry_pillars, basic_altar, small_statue_intersection
Swamp:1:  cheibrodos_swamp_monstrosity, layout_basic_swamp,
          hangedman_swamp_cone, swamp_pool_3
Swamp:2:  nicolae_swamp_husk_halls, layout_falls_marsh,
          nicolae_swamp_little_tower, nicolae_swamp_tree_isthmus,
          infiniplex_staircase_pool, uniq_jorgrun
Swamp:3:  layout_basic_swamp, evilmike_swamp_ruin_rubble_2
Swamp:4:  swamp_fiery, layout_basic_swamp, swamp_pool_4
Spider:1: layout_spider_delve, lemuel_hornet_nest
Spider:2: layout_chambers, uniq_arachne
Spider:3: layout_spider_delve, gammafunk_ghost_arena
Spider:4: johnstein_spider_rune_arachne_lair, uniq_donald
Slime:1:  layout_caves, cheibrodos_slime_lost_civilization_5
Slime:2:  layout_caves
Slime:3:  layout_caves
Slime:4:  layout_caves, nicolae_slime_rock_hall_of_fame
Slime:5:  slime_pit_nicolae_royal_road_to_ruin
Orc:1:    gammafunk_beogh_shrine, layout_caves, serial_shops, shop,
          bloody_makhleb
Orc:2:    st_orc_open, layout_caves, gammafunk_ghost_stat_death, serial_shops,
          nicolae_shop_scrapyard
Elf:1:    eino_elf_arrival_the_gate, layout_geoelf_grid,
          nicolae_elf_shapeshifter_party, grunt_megastairs_2, minmay_shoptagon,
          uniq_frances
Elf:2:    nicolae_elf_blades_splatter_lattice [nicolae_blade_entry_pointy_end],
          layout_geoelf_diagonals, serial_co_window_serial, co_window_cross_1,
          co_window_paths_a, co_window_corner_a, co_window_paths_a,
          co_window_paths_a, co_window_corner_b, co_window_unsneaky_path_b,
          co_window_paths_c, glass_columns_a, glass_columns_b, basic_altar,
          serial_shops, shop, uniq_roxanne
Vaults:1: nicolae_vaults_tetromino_Z_1, ontoclasm_vaults_fault,
          ontoclasm_vaults_chip, st_smaller_cells, grunt_vaults_swirl,
          nicolae_vaults_network_quinsquares
          [nicolae_vaults_network_quincunx_subvault,
          nicolae_vaults_network_quincunx_subvault,
          nicolae_vaults_network_quincunx_subvault,
          nicolae_vaults_network_quincunx_subvault], v_misc_5,
          ontoclasm_vaults_ring_square, hangedman_vaults_nails, v_pattern_1,
          nicolae_vaults_asterisk, vaults_mumra_chevron_long,
          nicolae_vaults_diamond_2, nicolae_vaults_little_squares_4,
          serial_ice_h, layout_vaults_ring
Vaults:2: nicolae_vaults_cochlea, nicolae_vaults_closet_pinwheel_6,
          nicolae_vaults_trapezoid_2, nicolae_vaults_spaceships,
          nicolae_vaults_shelves_hall, v_rooms_1, nicolae_vaults_stepped_doors,
          nicolae_vaults_asterisk, vaults_dpeg_ring, layout_vaults_omnigrid,
          serial_shops, bzr_entry_lakeside, uniq_asterion, uniq_jory
Vaults:3: vaults_room_large_hall, ontoclasm_vaults_twist, vaults_room_fours,
          nicolae_vaults_good_morning_starshine, v_misc_4,
          vaults_standard_mumra_enter_the_diamond,
          minmay_crypt_entry_necro_gods, nicolae_vaults_diagonal_hallway_6,
          ontoclasm_vaults_eye, nicolae_vaults_trapezoid_lopsided_3,
          layout_vaults_maze_bifur, serial_shops, shop
Vaults:4: portal_desolation_entry_nicolae_nacl, nicolae_vaults_corpse_flower,
          hangedman_vaults_nodes, nicolae_vaults_trapezoid_lopsided_3,
          hangedman_vaults_unwind, nicolae_vaults_trapezoid_lopsided_4,
          vaults_room_pool, nicolae_vaults_closet_pinwheel_4,
          ontoclasm_vaults_bender, hangedman_vaults_maws,
          vaults_standard_mumra_enter_the_diamond, nicolae_vaults_trapezoid_1,
          layout_vaults_omnibox
Depths:1: layout_honeycomb, enter_ziggurat_d, good_gods_temple_1, hellmouth_3,
          kennysheep_nondescript, serial_library_hellmonk_secret_room,
          elyvilon_altar_1
Depths:2: kennysheep_windowed_halls, layout_basic, pf_coc_iceberg, bloody_trog,
          pan_entry, serial_shops, bzr_entry_gold, minmay_staircase_bubble
Depths:3: minmay_octagon_keep, layout_gridlike, ashenzari_altar_1,
          abyss_entry_flame_altar, rand_demon_pan_entry_1, hell_entry
Depths:4: grunt_zot_entry_pinwheel, layout_basic, grunt_decor_mini_mirrors,
          serial_co_window_serial, co_window_paths_b, co_window_corner_a,
          co_window_paths_a, co_window_corner_a, co_window_paths_b,
          co_window_corner_ca, co_window_cross_2, co_window_2corner,
          co_window_of_opportunity_b, co_window_corner_ca,
          co_window_of_opportunity_c, co_window_2corner, co_window_paths_d,
          co_window_paths_e, glass_columns_b, glass_columns_b, glass_columns_b,
          glass_columns_a, serial_shops, nicolae_shop_hallway_plus, abyss_entry,
          hell_entry
Zot:1:    gammafunk_dig_for_victory, layout_twisted_circle, uniq_tiamat
Zot:2:    layout_basic, gammafunk_ghost_arena, regret_index_zotdec_misc_clamp,
          uniq_josephina
Zot:3:    layout_concentric_octagons, skrybe_zot_glass_2, lemuel_elevator,
          regret_index_zotdec_twisting_globes, uniq_grunn
Zot:4:    layout_misc_corridors, st_stairs_13, lemuel_baited_zot_trap,
          regret_index_zotdec_banners
Zot:5:    layout_misc_corridors, grunt_ministairs_4, skrybe_zot_glass_3

Skill      XL: |  1  2  3  4  5  6  7  8  9 10 11 12 13 14 15 16 17 18 19 20 21 22 23 24 |
---------------+-------------------------------------------------------------------------+-----
Axes           | 4 5 6 9 |  9.8
Maces & Flails | 5 10 12 14 17 | 17.0
Invocations    | 5 7 8 10 | 10.0
Fighting       | 7 11 13 16 17 19 20 22 23 27 | 27.0
Shields        | 5 10 14 19 20 21 | 21.0
Armour         | 5 7 10 12 15 17 18 19 20 22 | 22.9
Dodging        | 5 11 12 13 16 | 16.0
Throwing       | 11 12 14 15 18 20 | 20.6
Evocations     | 4 |  4.0
Necromancy     | 3 |  3.0

Action                     |  1- 3 |  4- 6 |  7- 9 | 10-12 | 13-15 | 16-18 | 19-21 | 22-24 | 25-27 || total
---------------------------+-------+-------+-------+-------+-------+-------+-------+-------+-------++-------
  Melee: War axe           |    90 |    80 |     9 |       |       |       |       |       |       ||   179
         Headbutt          |    12 |    11 |    45 |   154 |   411 |   258 |   412 |   328 |     7 ||  1638
         Morningstar       |       |       |   255 |   682 |       |       |       |       |       ||   937
         Demon whip        |       |       |       |     9 |  1626 |   511 |       |       |       ||  2146
         Eveningstar       |       |       |       |       |       |   804 |  1467 |  1154 |    32 ||  3457
  Throw: Throwing net      |       |     3 |     3 |     2 |       |       |       |       |       ||     8
         Javelin           |       |     1 |       |     1 |     5 |     1 |     9 |    35 |       ||    52
         Boomerang         |       |       |       |    10 |    39 |    94 |    21 |    94 |       ||   258
 Invoke: Heroism           |       |       |       |     6 |    14 |    26 |    33 |    26 |     1 ||   106
         Finesse           |       |       |       |     6 |     7 |    13 |     5 |    11 |     1 ||    43
         Receive Weapon    |       |       |       |       |       |     1 |       |       |       ||     1
         Receive Armour    |       |       |       |       |       |     1 |       |       |       ||     1
  Evoke: Wand              |       |       |     3 |     7 |     1 |     3 |       |     1 |     3 ||    18
    Use: Scroll            |       |     6 |       |    13 |    18 |     8 |     3 |    10 |     4 ||    62
         Potion            |       |     2 |     2 |       |     1 |     8 |     1 |    20 |     5 ||    39
   Stab: Held in net/web   |       |     1 |       |       |       |       |       |       |       ||     1
         Petrified         |       |       |       |       |     2 |       |       |       |       ||     2
         Invisible         |       |       |       |       |       |     2 |       |       |       ||     2
 Armour: Leather armour    |    16 |       |       |       |       |       |       |       |       ||    16
         Ring mail         |    37 |    60 |   109 |       |       |       |       |       |       ||   206
         Chain mail        |       |       |    79 |   153 |       |       |       |       |       ||   232
         Plate armour      |       |       |       |   271 |   964 |   741 |       |       |       ||  1976
         Crystal plate arm |       |       |       |       |       |   183 |   646 |   703 |    14 ||  1546
         Skin              |       |       |       |       |       |       |    21 |       |       ||    21
  Dodge: Dodged            |    59 |    37 |   118 |   169 |   279 |   327 |   227 |   338 |     4 ||  1558
  Block: Buckler           |     6 |    10 |    44 |    30 |       |       |       |       |       ||    90
         Kite shield       |       |       |       |   208 |   710 |  1028 |   963 |   835 |    11 ||  3755
